 Dungeon Crawl Stone Soup version 0.17-a0-1778-gd369669 (webtiles) character file.

4 ololoev the Charmwright (level 1, -1/17 HPs)
             Began as a Draconian Skald on Sept 8, 2015.
             Slain by a hobgoblin
             ... wielding a +0 club
              (3 damage)
             ... on level 1 of the Dungeon.
             The game lasted 00:00:20 (235 turns).

ololoev the Charmwright (Draconian Skald)            Turns: 235, Time: 00:00:20

Health: -1/17      AC:  4    Str: 14    XL:     1   Next: 58%
Magic:  3/3        EV: 11    Int: 12    God:
Gold:   5          SH:  0    Dex: 10    Spells: 1 memorised, 3 levels left

rFire  . . .     SeeInvis .     a - +0 spear
rCold  . . .     Clarity  .     (armour unavailable)
rNeg   . . .     SustAt   .     (no shield)
rPois  .         Gourm    .     (helmet restricted)
rElec  .         Spirit   .     (no cloak)
rCorr  .         Warding  .     (no gloves)
rMut   .         Stasis   .     (no boots)
MR     .....                    (no amulet)
Stlth  +.........               (no ring)
                                (no ring)

@: not resistant to hostile enchantments, very unstealthy
A: unfitting armour, cold-blooded, AC +4
a: no special abilities


Innate Abilities, Weirdness & Mutations

Your plain brown scales are hard (AC +4).
Your body does not fit into most forms of armour.
You are cold-blooded and may be slowed by cold attacks.

Inventory:

Hand weapons
 a - a +0 spear (weapon)
Potions
 d - a potion of invisibility {unknown}
Books
 b - a book of Battle

   Spells                             Type                      Level
   a - Infusion                       Charms                       1
   b - Shroud of Golubria             Charms/Translocation         2
   c - Song of Slaying                Charms                       2
   d - Spectral Weapon                Hexes/Charms                 3
   e - Regeneration                   Charms/Necromancy            3
Comestibles
 c - a bread ration


   Skills:
 - Level 2.1 Fighting
 + Level 2.4 Polearms
 - Level 1.3 Dodging
 - Level 2.0 Spellcasting
 - Level 2.6 Charms


You had 3 spell levels left.
You knew the following spells:

 Your Spells              Type           Power        Failure   Level  Hunger
a - Infusion              Chrm           #.....       12%         1    ##.....


You were on level 1 of the Dungeon.
You were not hungry.

You visited 1 branch of the dungeon, and saw 1 of its levels.

You collected 5 gold pieces.

##... ##.........###.# ###....
............(!.. ....... .#
#............. .......
..###............ .......
...........$...## .......
#..............#.# .......
###................# .......
............@g...... ....... #.
#................. ###.... #.
#................. ##...
..#####.....#>........... #...
...##.................##.## ##...
...##.#..##..........##...###....
...##.##..#......................
......###.#...........#..........
....### #.#).....................

Notes
Turn   | Place    | Note
--------------------------------------------------------------
     0 | D:1      | ololoev the Draconian Skald began the quest for the Orb.
     0 | D:1      | Reached XP level 1. HP: 17/17 MP: 3/3
   235 | D:1      | Slain by a hobgoblin

Dungeon Overview and Level Annotations

Branches:
Dungeon (1/15)

Altars:


Message History

The giant gecko bites you but does no damage.
You hit the giant gecko.
The giant gecko is severely wounded.
The giant gecko bites you.
You hit the giant gecko but do no damage.
The giant gecko is severely wounded.
The giant gecko bites you but does no damage.
You hit the giant gecko.
You kill the giant gecko!
No target in view!
No target in view!
No target in view!
No target in view!
No target in view!
No target in view!
A goblin comes into view.
The goblin shouts!
A goblin is nearby!
A goblin is nearby!
Found 17 arrows.
A hobgoblin comes into view. It is wielding a club.
The hobgoblin shouts!
You hit the goblin.
You kill the goblin!
Found a coppery potion.
The hobgoblin barely misses you.
You closely miss the hobgoblin. You closely miss the hobgoblin.
The hobgoblin hits you with a club!
You are too injured to fight recklessly!
You are too injured to fight recklessly!
You are too injured to fight recklessly!
You are too injured to fight recklessly!
You are too injured to fight recklessly!
You are too injured to fight recklessly!
You are too injured to fight recklessly!
You are too injured to fight recklessly!
You hit the hobgoblin.
The hobgoblin is moderately wounded.
The hobgoblin hits you with a club.
You die...

You could see a hobgoblin.

Vanquished Creatures
  A giant cockroach (D:1)
  A hobgoblin (D:1)
  A giant gecko (D:1)
  2 goblins (D:1)
5 creatures vanquished.

Action                   || total
-------------------------++-------
Melee: Spear             ||    18

Vault maps used:
D:1:      minmay_arrival_four_circles
